 Dungeon Crawl Stone Soup version 0.27.1-4-g1640c2035a (webtiles) character file.

Game seed: 6847177318688161326

70 Stomo444 the Cudgeller (level 4, 0/24 HPs)
             Began as a Vine Stalker Monk on Nov 10, 2021.
             Was a Priest of Qazlal.
             Killed by nerve-wracking pain
             ... invoked by an orc priest
              (7 damage)
             ... on level 3 of the Dungeon.
             The game lasted 00:04:27 (2789 turns).

Stomo444 the Cudgeller (Vine Stalker Monk)          Turns: 2789, Time: 00:04:28

Health: 0/24       AC:  2    Str: 15    XL:     4   Next: 21%
Magic:  0/6        EV: 13    Int: 10    God:    Qazlal [***...]
Gold:   167        SH:  3    Dex: 16    Spells: 4/4 levels left

rFire    . . .     SeeInvis .   a - +0 mace
rCold    . . .     Faith    .   (no shield)
rNeg     . . .     Spirit   +   b - +0 robe
rPois    .         Reflect  .   (no helmet)
rElec    .         Harm     .   (no cloak)
rCorr    .         Rampage  .   (no gloves)
Will     .....                  (no boots)
Stlth    ++........             (no amulet)
HPRegen  1.08/turn              c - ring of wizardry
MPRegen  0.10/turn              (no ring)

@: no status effects
A: fangs 2, regeneration 1, magic shield, antimagic bite, no potion heal 2
a: Renounce Religion, Upheaval, Elemental Force


You were on level 3 of the Dungeon.
You worshipped Qazlal.
Qazlal was most pleased with you.
You visited 1 branch of the dungeon, and saw 3 of its levels.

You collected 167 gold pieces.

Inventory:

Hand Weapons
 a - a +0 mace (weapon)
Armour
 b - a +0 robe (worn)
Jewellery
 c - a ring of wizardry (left hand)
 h - a ring of ice
Scrolls
 d - a scroll of enchant armour {unknown}
 f - a scroll of noise {unknown}
 i - a scroll of teleportation {unknown}
Potions
 e - 2 potions of curing {unknown}
 g - a potion of might {unknown}


   Skills:
 - Level 3.0 Fighting
 - Level 3.0 Maces & Flails
 - Level 3.0 Dodging
 - Level 2.4 Stealth
 - Level 0.7 Spellcasting
 + Level 2.0 Invocations


You had 4 spell levels left.
You didn't know any spells.
Your spell library contained the following spells:

 Spells                   Type           Power      Damage    Failure   Level
 Beastly Appendage        Tmut           0%         N/A       14%         1
 Slow                     Hex            0%         N/A       21%         2
 Wereblood                Tmut           0%         N/A       21%         2
 Confusing Touch          Hex            0%         N/A       38%         3
 Spider Form              Tmut/Pois      0%         N/A       38%         3
 Vampiric Draining        Necr           0%         2d6       38%         3


Dungeon Overview and Level Annotations

Branches:
Dungeon (3/15)

Altars:
Kikubaaqudgha
Qazlal

Shops:
D:3 (


Innate Abilities, Weirdness & Mutations

You have extremely sharp teeth.
Your natural rate of healing is unusually fast.
When hurt, damage is shared between your health and your magic reserves.
Your bite disrupts and absorbs the magic of your enemies.
Potions cannot restore your health.


Message History

You block the goblin's attack.
You hit the goblin. You bite the goblin.
You kill the goblin!
Qazlal accepts your kill.
An orc comes into view. It is wielding a +0 mace.
Your Invocations skill increases to level 2!
You hear a shout!
An orc comes into view. It is wielding a +0 flail.
Okay, then.
Aiming: Upheaval
Press: ? - help, Dir - move target, f - orc
Aim: an orc, wielding a +0 club The ground shakes violently, spewing rubble!
The blast of rubble hits the orc!!
You kill the orc!
Qazlal accepts your kill.
You hear a shout!
An orc priest comes into view. It is wielding a +0 short sword.
You hear a shout!
An orc comes into view. It is wielding a +0 hand axe.
You barely miss the orc. You bite the orc, but do no damage.
You block the orc's attack.
Unknown command.
You hit the orc. You bite the orc, but do no damage.
The orc is lightly wounded.
The orc barely misses you.
You hit the orc but do no damage. You bite the orc, but do no damage.
The orc is lightly wounded.
The orc hits you but does no damage.
You hit the orc but do no damage. You bite the orc. You drain its power.
You feel invigorated.
The orc is heavily wounded.
The orc hits you with a +0 flail. The orc hits you with a +0 mace.
The orc hits you with a +0 flail!
* * * LOW HITPOINT WARNING * * *
You are too injured to fight recklessly!
Unknown command.
The orc priest invokes the aid of Beogh against you.
Pain shoots through your body!
You die...

#.##.#.# #.# ##.
##.##.#.# #.# #.8.
#..##.#.# #.# #...
#..##.#.#.#####.# ..#.(
#.....#.#......)### #$..#
#.o.#...#.######...
#....##.oo....#.#....#)##
#..)##.o##.##.#(##.#.##
#g.#@###.##.#.##'#.##
######.#)# #..#.#..'∩'.##
.....^..).#
##.#.#<.#+#.##
#####...### #...####.#.##
.......#### ##.......#.##
####.........#..######.##
##.............†......
#........##.######.##
####..... #># #.#


You could see an orc priest and 3 orcs.

Vanquished Creatures
  A worm (D:2)
  4 orcs (D:3)
  3 ball pythons
  5 endoplasms
  3 giant cockroaches
  10 goblins
  5 hobgoblins
  4 jackals (D:2)
  2 quokkas (D:2)
  3 bats
  3 frilled lizards
  4 kobolds
  7 rats
54 creatures vanquished.

Notes
Turn   | Place    | Note
-------+----------+-------------------------------------------
     0 | D:1      | Stomo444 the Vine Stalker Monk began the quest for the Orb.
     0 | D:1      | Reached XP level 1. HP: 11/11 MP: 2/2
   343 | D:1      | Reached XP level 2. HP: 12/16 MP: 3/3
   720 | D:1      | Found a faded altar of an unknown god.
   731 | D:1      | Became a worshipper of Qazlal Stormbringer
   731 | D:1      | Reached * piety under Qazlal
   731 | D:1      | Reached ** piety under Qazlal
  1258 | D:2      | Reached XP level 3. HP: 20/20 MP: 5/5
  1354 | D:2      | Reached *** piety under Qazlal
  1869 | D:2      | Reached skill level 1 in Invocations
  2398 | D:2      | Found an ancient bone altar of Kikubaaqudgha.
  2689 | D:3      | Found Neellek's Antique Weapon Shoppe.
  2759 | D:3      | Gained mutation: Your natural rate of healing is unusually
                  | fast. [Vine Stalker growth]
  2759 | D:3      | Reached XP level 4. HP: 20/24 MP: 4/6
  2789 | D:3      | Killed from afar by an orc priest

Illustrated notes

Levels and vault maps discovered:
D:1:      nicolae_arrival_washed_ashore, layout_basic,
          hellmonk_ecumenical_altar_heavens_door
D:2:      layout_basic, serial_corexii_hall, corexii_hall_statues_i,
          corexii_hall_statues_l, basic_altar
D:3:      layout_basic, serial_shops, nicolae_shop_behind_doors,
          guppyfry_early_orc_mine

Skill      XL: |  1  2  3  4 |
---------------+-------------+-----
Maces & Flails | 3 |  3.0
Fighting       | 3 |  3.0
Dodging        | 3 |  3.0
Invocations    | 1 2 |  2.0
Stealth        | |  2.4
Spellcasting   | |  0.7

Action                   |  1- 3 |  4- 6 || total
-------------------------+-------+-------++-------
Melee: Mace              |   109 |    21 ||   130
       Bite              |    27 |     8 ||    35
Invok: Upheaval          |       |     1 ||     1
 Stab: Sleeping          |     3 |       ||     3
Armor: Robe              |    15 |     3 ||    18
Dodge: Dodged            |    63 |     6 ||    69
Block: Other             |    11 |     6 ||    17
